 Dungeon Crawl Stone Soup version 0.29.1-12-g30fa7ad0bf (webtiles) character file.

Game seed: 12147850689574363260

2506 bubby the Sneak (level 9, -9/59 HPs)
             Began as an Octopode Fire Elementalist on Jan 13, 2023.
             Shot with a sling bullet by Joseph (18 damage)
             ... on level 7 of the Dungeon.
             The game lasted 00:20:57 (9968 turns).

bubby the Sneak (Octopode Fire Elementalist)        Turns: 9968, Time: 00:20:58

Health: -9/59      AC:  1    Str:  8    XL:     9   Next: 53%
Magic:  7/16       EV: 18    Int: 21    God:
Gold:   238        SH:  0    Dex: 12    Spells: 14/17 levels left

rFire   + . .      SeeInvis +   l - +1 dagger (drain)
rCold   . . .      Faith    .   (no shield)
rNeg    . . .      Spirit   .   (helmet restricted)
rPois   .          Reflect  .   J - amulet of magic regeneration
rElec   .          Harm     .   f - +4 ring of evasion
rCorr   .          Rampage  .   o - ring of see invisible
Will    .....                   v - ring of protection from fire
Stlth   ++++......              (no ring)
HPRegen 0.19/turn               (no ring)
MPRegen 0.55/turn               (no ring)
                                (no ring)
                                (no ring)

@: no status effects
A: almost no armour, amphibious, 8 rings, camouflage 1, gelatinous body 1,
(nimble swimmer 1), tentacles
a: no special abilities


You were on level 7 of the Dungeon.
You visited 1 branch of the dungeon, and saw 7 of its levels.

You collected 238 gold pieces.

Inventory:

Hand Weapons
 l - a +1 dagger of draining (weapon)
 G - a +3 mace of freezing
 H - a +0 arbalest
Magical Staves
 r - a staff of cold
Jewellery
 f - a +4 ring of evasion (left tentacle)
 g - a ring of ice
 o - a ring of see invisible (right tentacle)
 v - a ring of protection from fire (on tentacle)
 J - an amulet of magic regeneration (around mantle)
Wands
 u - a wand of roots (10)
 D - a wand of quicksilver (5)
Scrolls
 h - a scroll of poison {unknown}
 i - 5 scrolls of teleportation {unknown}
 j - 4 scrolls of amnesia {unknown}
 n - a scroll of summoning {unknown}
 p - a scroll of butterflies {unknown}
 s - 3 scrolls of enchant armour {unknown}
 t - 2 scrolls of immolation
 x - a scroll of blinking {unknown}
 y - a scroll of enchant weapon {unknown}
 I - 2 scrolls of fear {unknown}
Potions
 a - a potion of magic
 b - 2 potions of mutation
 c - a potion of lignification {unknown}
 k - 6 potions of heal wounds
 q - 3 potions of degeneration
 w - 2 potions of invisibility
 z - 4 potions of curing
 A - a potion of haste
 B - a potion of might
 E - a potion of flight
 F - a potion of attraction {unknown}


   Skills:
 + Level 4.5 Fighting
 + Level 5.2 Dodging
 + Level 7.4 Stealth
 + Level 4.8 Spellcasting
 + Level 4.8 Conjurations
 + Level 5.6 Fire Magic
 + Level 4.1 Ice Magic


You had 14 spell levels left.
You knew the following spells:

 Your Spells              Type           Power      Damage    Failure   Level
a - Foxfire               Conj/Fire      100%       2x1d9     1%          1
b - Scorch                Fire           56%        2d8       1%          2

Your spell library contained the following spells:

 Spells                   Type           Power      Damage    Failure   Level
 Conjure Flame            Conj/Fire      26%        6-21      3%          3
 Apportation              Tloc           10%        N/A       11%         1
 Inner Flame              Hex/Fire       16%        N/A       11%         3
 Flame Wave               Conj/Fire      26%        2d8       13%         4
 Alistair's Intoxication  Tmut/Pois      3%         N/A       97%         5


Dungeon Overview and Level Annotations

Branches:
Dungeon (7/15)             Temple (0/1) D:6

Altars:
Fedhas
Okawaru
Trog
Uskayaw
Xom

Shops:
D:7 [

Annotations:
D:7 Joseph


Innate Abilities, Weirdness & Mutations

You cannot wear most types of armour.
You are amphibious.
You can wear up to eight rings at the same time.
Your skin changes colour to match your surroundings (Stealth+).
Your rubbery body absorbs attacks. (AC +1, EV +1)
((You are camouflaged when in or above water. (Stealth+)))
You have tentacles for arms and can constrict up to eight enemies at once.


Message History

Flames lash the sky beast.
The sky beast is burned terribly!
The sky beast is almost dead.
The sky beast completely misses you.
Casting: Scorch (safe; 1% risk of failure)
Confirm with . or Enter, or press ? or * to list all spells.
Flames lash the sky beast.
The sky beast is burned terribly!
You kill the sky beast!
The shadow imp closely misses you.
The shadow imp attacks as you move away!
The shadow imp misses you. The shadow imp gestures at you.
Pain shoots through your body! The shadow imp gestures at you.
You struggle to resist.
Casting: Scorch (safe; 1% risk of failure)
Confirm with . or Enter, or press ? or * to list all spells.
Flames lash the shadow imp.
The shadow imp is almost dead.
The shadow imp's fire resistance burns away.
The shadow imp gestures at you.
You struggle to resist.
Casting: Scorch (safe; 1% risk of failure)
Confirm with . or Enter, or press ? or * to list all spells.
Flames lash the shadow imp.
The shadow imp is burned terribly!
You kill the shadow imp!
You hear a shout!
Casting: Scorch (safe; 1% risk of failure)
Confirm with . or Enter, or press ? or * to list all spells.
Flames lash the gnoll sergeant.
The gnoll sergeant is heavily wounded.
The gnoll sergeant's fire resistance burns away.
The gnoll sergeant hits you but does no damage.
Casting: Scorch (safe; 1% risk of failure)
Confirm with . or Enter, or press ? or * to list all spells.
Flames lash the gnoll sergeant.
The gnoll sergeant is burned terribly!
You kill the gnoll sergeant!
Joseph shoots a sling bullet.
The sling bullet hits you!!
* * * LOW HITPOINT WARNING * * *
x2 Joseph shoots a sling bullet.
The sling bullet hits you!!
You die...

#....@.# ##.....##
#.......## #..###.#
##...## #......8##.
#..# #.# ##'##
#..........# #.Y###g#
#.# ######.######
#.5..#.# #.# .. #.#
##.#<#.# ##.###.# #.#
#.#.#.### ##..>##.####
#.#
#.#.#.).###..........#
#.#
#....†#@).....@......#
.#
###.#...#####.#.#.#..#
#....## #.#.#.# .
###### #.#.#.##.#.#
#.#..<.....#
#.########## #.# #.#


You could see Joseph.

Vanquished Creatures
  Sigmund (D:5)
  Eustachio (D:5)
  A steam dragon (D:7)
  Duvessa (D:5)
  2 orc warriors
  A sky beast (D:7)
  2 ogres
  A phantom (D:5)
  A kobold brigand (D:6)
  3 bullfrogs
  2 gnoll sergeants
  4 scorpions
  4 wights (D:6)
  Dowan (D:5)
  A howler monkey (D:5)
  2 hounds (D:6)
  2 orc priests (D:6)
  2 iguanas (D:6)
  2 orc wizards
  Natasha (thrice) (D:3)
  Robin (D:2)
  7 gnolls
  4 adders
  A shadow imp (D:7)
  A white imp (D:7)
  3 worms
  A dart slug (D:2)
  13 orcs
  12 endoplasms
  3 giant cockroaches
  14 goblins
  9 hobgoblins
  6 quokkas
  8 ball pythons
  5 bats
  2 frilled lizards
  10 kobolds
  28 rats
165 creatures vanquished.

Vanquished Creatures (others)
  586 foxfires
586 creatures vanquished.

Grand Total: 751 creatures vanquished

Notes
Turn   | Place    | Note
-------+----------+-------------------------------------------
     0 | D:1      | bubby the Octopode Fire Elementalist began the quest for
                  | the Orb.
     0 | D:1      | Reached XP level 1. HP: 11/11 MP: 3/3
   394 | D:1      | Reached XP level 2. HP: 17/17 MP: 1/5
   396 | D:1      | Reached skill level 3 in Stealth
   407 | D:1      | Learned a level 2 spell: Scorch
  1056 | D:1      | Reached XP level 3. HP: 22/22 MP: 3/6
  2022 | D:2      | Found a shimmering altar of Xom.
  2254 | D:2      | Reached XP level 4. HP: 27/27 MP: 0/7
  2256 | D:2      | Reached skill level 1 in Fighting
  2425 | D:2      | Noticed Robin
  3593 | D:2      | Killed Robin
  3594 | D:2      | Reached XP level 5. HP: 24/33 MP: 0/8
  3997 | D:3      | Found a blossoming altar of Fedhas.
  4453 | D:3      | Found a hide-covered altar of Uskayaw.
  4564 | D:3      | Noticed Natasha
  4566 | D:3      | Killed Natasha
  4567 | D:3      | Reached skill level 4 in Stealth
  4572 | D:3      | Found a faded altar of an unknown god.
  4658 | D:3      | Identified the +5 ring mail of Zicilil {rCorr Dex+4}
  4875 | D:3      | Noticed Natasha
  4883 | D:3      | Killed Natasha
  4970 | D:3      | Noticed Natasha
  4976 | D:3      | Killed Natasha
  4977 | D:3      | Reached XP level 6. HP: 17/39 MP: 3/10
  5273 | D:4      | Reached skill level 1 in Ice Magic
  6198 | D:4      | Reached XP level 7. HP: 40/45 MP: 2/11
  6567 | D:5      | Entered Level 5 of the Dungeon
  6678 | D:5      | Reached skill level 5 in Stealth
  6957 | D:5      | Noticed Eustachio
  7003 | D:5      | Killed Eustachio
  7105 | D:5      | Noticed Dowan
  7110 | D:5      | Noticed Duvessa
  7117 | D:5      | Killed Duvessa
  7118 | D:5      | Reached XP level 8. HP: 52/52 MP: 2/13
  7126 | D:5      | Killed Dowan
  7283 | D:5      | Noticed Sigmund
  7293 | D:5      | Killed Sigmund
  8005 | D:6      | Reached skill level 6 in Stealth
  8342 | D:6      | Found a staircase to the Ecumenical Temple.
  8375 | D:6      | Found a bloodstained altar of Trog.
  8465 | D:6      | Reached skill level 5 in Fire Magic
  8712 | D:6      | Reached XP level 9. HP: 55/58 MP: 1/15
  8716 | D:6      | Found an iron altar of Okawaru.
  8859 | D:6      | HP: 1/58 [orc warrior/+0 halberd (15)]
  9449 | D:7      | Reached skill level 7 in Stealth
  9524 | D:7      | Found Cebin's Armour Shoppe.
  9645 | D:7      | Reached skill level 5 in Dodging
  9645 | D:7      | Noticed Joseph
  9968 | D:7      | Shot with a sling bullet by Joseph

Illustrated notes

Levels and vault maps discovered:
D:1:      amcnicky_arrival_blooded_trapdoor, layout_basic,
          minmay_split_cup_large
D:2:      layout_rooms, basic_altar, uniq_robin
D:3:      layout_loops_ring, nicolae_overflow_crystal_walls,
          nicolae_uskayaw_suspiria, hellmonk_ecumenical_altar_blasted,
          uniq_natasha
D:4:      layout_basic, minmay_rat_hole
D:5:      layout_basic, kennysheep_another_room, uniq_eustachio, uniq_sigmund,
          uniq_duvessa
D:6:      layout_loops_corners, okawaru_metal_pillars_1_2,
          mainiacjoe_overflow_brackets, minmay_temple_entry_overgrown,
          nicolae_figureground_sparkle
D:7:      layout_loops_corners, serial_shops, nicolae_stop_n_shop_1,
          minmay_ruined_shrine, uniq_joseph, uniq_pikel

Skill      XL: |  1  2  3  4  5  6  7  8  9 |
---------------+----------------------------+-----
Stealth        | 3 4 5 6 7 |  7.4
Fighting       | 1 2 3 4 |  4.5
Conjurations   | 2 3 4 |  4.8
Dodging        | 3 4 5 |  5.2
Spellcasting   | 3 4 |  4.8
Ice Magic      | 1 2 3 4 |  4.1
Fire Magic     | 4 5 |  5.6

Action                   |  1- 3 |  4- 6 |  7- 9 || total
-------------------------+-------+-------+-------++-------
Melee: Club              |    10 |       |       ||    10
       Constrict         |     5 |    11 |     7 ||    23
       Unarmed           |     1 |       |       ||     1
       Tentacles         |     1 |     9 |     6 ||    16
       Dagger            |     1 |    38 |    26 ||    65
       Punch             |       |     1 |       ||     1
 Cast: Foxfire           |    95 |   143 |   125 ||   363
       Scorch            |     1 |    19 |    37 ||    57
Evoke: Wand              |       |       |     1 ||     1
  Use: Scroll            |       |       |     8 ||     8
Armor: Skin              |       |     4 |     2 ||     6
Dodge: Dodged            |    13 |    38 |    57 ||   108
